 Dungeon Crawl Stone Soup version 0.30.1-11-g7821555f0a (webtiles) character file.

Game seed: 16087706561299532934

55753 Ijustatesigmund the Demon Slayer (level 14, -2/94 HPs)
             Began as a Gargoyle Fighter on Nov 2, 2023.
             Was a High Priest of the Shining One.
             Killed from afar by an ice dragon (14 damage)
             ... with a blast of cold
             ... on level 15 of the Dungeon.
             The game lasted 00:46:51 (16658 turns).

Ijustatesigmund the Demon Slayer (GrFi)            Turns: 16658, Time: 00:46:52

Health: -2/94      AC: 30    Str: 28    XL:     14   Next: 78%
Magic:  22/24      EV: 30    Int: 14    God:    the Shining One [*****.]
Gold:   1054       SH: 28    Dex:  7    Spells: 13/13 levels left

rFire   + . .        E - +8 mithril axe "Arga" {speed, Will+}
rCold   . . .        U - +2 tower shield {reflect}
rNeg    + + +        b - +1 troll leather armour {Pargi}
rPois   ∞            x - +2 helmet
rElec   +            q - +2 cloak {rPois}
rCorr   .            m - +0 pair of gloves
SInv    .            T - +2 pair of boots "Ninoqipn" {rN++ Str+4}
Will    ++...        t - amulet of the acrobat
Stlth   +            y - ring of the Traitor {rElec rF+ EV+5 Str+4 Dex-2}
HPRegen 1.15/turn    k - +4 ring of protection
MPRegen 0.19/turn

%: reflection, acrobat
@: divinely shielded, acrobatic, flying, glowing, studying 2 skills
A: sickness immunity, AC +10, big wings, negative energy resistance 1,
electricity resistance, torment resistance 1, petrification resistance
a: Renounce Religion, Divine Shield, Cleansing Flame, Summon Divine Warrior


You were on level 15 of the Dungeon.
You worshipped the Shining One.
The Shining One was extremely pleased with you.
You visited 2 branches of the dungeon, and saw 16 of its levels.
You visited the Abyss 2 times.
You also visited: Bailey, Gauntlet and Ice Cave.

You collected 1054 gold pieces.

Inventory:

Hand Weapons
 a - a +1 flail of electrocution
 E - the +8 mithril axe "Arga" (weapon) {speed, Will+}
   (You found it on level 8 of the Dungeon)

   Will:      It increases your willpower.
Missiles
 K - 2 throwing nets (quivered)
Armour
 b - a +1 troll leather armour (worn) {Pargi}
 c - a +1 kite shield
 m - a +0 pair of gloves (worn)
 q - a +2 cloak of poison resistance (worn)
 x - a +2 helmet (worn)
 T - the +2 pair of boots "Ninoqipn" (worn) {rN++ Str+4}
   (You found it in a Gauntlet)

   Str:       It affects your strength (+4).
   rN:        It greatly protects you from negative energy.
 U - a +2 tower shield of reflection (worn)
Jewellery
 h - a ring of willpower
 k - a +4 ring of protection (right hand)
 l - the amulet of Gouxel {Spirit rElec rPois rN+ Str+4}
   (You found it in an ice cave)

   [amulet of guardian spirit]

   It causes incoming damage to be divided between your reserves of health and
   magic.
   Str:       It affects your strength (+4).
   rElec:     It insulates you from electricity.
   rPois:     It protects you from poison.
   rN:        It protects you from negative energy.
 r - a +6 ring of intelligence
 t - an amulet of the acrobat (around neck)
 y - the ring of the Traitor (left hand) {rElec rF+ EV+5 Str+4 Dex-2}
   (You found it in a Gauntlet)

   [ring of evasion]

   EV:        It affects your evasion (+5).
   Str:       It affects your strength (+4).
   Dex:       It affects your dexterity (-2).
   rF:        It protects you from fire.
   rElec:     It insulates you from electricity.
 A - a ring of resist corrosion
 B - a ring of wizardry
 N - a ring of protection from cold
 O - the ring of Gecsoob {rPois Str+5 Int-5 Dex+6}
   (You found it in an ice cave)

   [ring of poison resistance]

   Str:       It affects your strength (+5).
   Int:       It affects your intelligence (-5).
   Dex:       It affects your dexterity (+6).
   rPois:     It protects you from poison.
 Q - the ring "Reqyo" {Fire Int+5}
   (You found it in an ice cave)

   [ring of fire]

   It enhances your fire magic.
   Int:       It affects your intelligence (+5).
   rF:        It protects you from fire.
   rC:        It makes you vulnerable to cold.
 V - a +6 ring of intelligence
Wands
 p - a wand of charming (16)
 u - a wand of roots (6)
 G - a wand of polymorph (5)
 J - a wand of quicksilver (4)
 P - a wand of flame (11)
 S - a wand of mindburst (5)
Scrolls
 i - 3 scrolls of teleportation
 o - a scroll of enchant weapon
 w - a scroll of amnesia
 F - 3 scrolls of silence
 I - 2 scrolls of fear
 L - 4 scrolls of poison
 M - 2 scrolls of noise
 W - 2 scrolls of identify
 Y - 2 scrolls of fog
Potions
 d - a potion of might
 e - 7 potions of ambrosia
 f - 3 potions of mutation
 g - 3 potions of curing
 j - 3 potions of lignification
 n - 2 potions of haste
 s - 3 potions of flight
 v - 2 potions of brilliance
 z - 2 potions of resistance
 D - 3 potions of attraction
 X - a potion of invisibility {unknown}
Miscellaneous
 H - a phantom mirror


   Skills:
 - Level 13.3 Fighting
 + Level 10.9(12.1) Axes
 - Level 9.3(11.9) Maces & Flails
 - Level 4.3 Armour
 - Level 3.8 Dodging
 + Level 10.8 Shields
 + Level 13.8 Invocations
 - Level 4.7 Evocations


You had 13 spell levels left.
You didn't know any spells.
Your spell library contained the following spells:

 Spells                   Type           Power      Damage    Failure   Level
 Beastly Appendage        Tmut           0%         N/A       67%         1
 Necrotise                Necr           0%         1d4       67%         1
 Blink                    Tloc           0%         N/A       80%         2
 Lesser Beckoning         Tloc           0%         N/A       80%         2
 Momentum Strike          Conj/Tloc      0%         3d8       80%         2
 Wereblood                Tmut           0%         N/A       80%         2
 Gell's Gravitas          Tloc           0%         N/A       95%         3
 Hailstorm                Conj/Ice       0%         3d3       95%         3
 Spider Form              Tmut/Pois      0%         N/A       95%         3
 Teleport Other           Tloc           0%         N/A       95%         3
 Vampiric Draining        Necr           0%         2d6       95%         3
 Animate Armour           Summ/Erth      0%         N/A       100%        4
 Ice Form                 Ice/Tmut       0%         N/A       100%        4
 Agony                    Necr           0%         N/A       100%        5
 Blade Hands              Tmut           0%         N/A       100%        5
 Yara's Violent Unravell  Hex/Tmut       0%         3d3       100%        5
 Iron Shot                Conj/Erth      0%         9d1       100%        6
 Plasma Beam              Fire/Air       0%         2x1d11    100%        6
 Simulacrum               Ice/Necr       0%         N/A       100%        6
 Summon Hydra             Summ           0%         N/A       100%        7
 Ignition                 Fire           0%         3d3       100%        8
 Sublimation of Blood     Necr           Unusable   N/A       N/A         2

Dungeon Overview and Level Annotations

Branches:
Dungeon (15/15)            Temple (1/1) D:7            Lair (0/5) D:10
    Orc (0/2) D:11         Vaults (0/5) D:14         Bailey (visited)
  IceCv (visited)         Gauntlet (visited)
 Depths: D:15

Altars:
Ashenzari
Dithmenos
Elyvilon
Fedhas
Gozag
Hepliaklqana
Kikubaaqudgha
Makhleb
Nemelex Xobeh
Okawaru
Qazlal
Ru
Sif Muna
Trog
Uskayaw
Vehumet
Wu Jian
Xom
Zin
The Shining One

Shops:
D:10 (


Innate Abilities, Weirdness & Mutations

You are immune to sickness and miasma.
Your stone body is resilient. (AC +10)
You are immune to poison.
Your large and strong wings let you fly.
You resist negative energy. (rN+)
You are resistant to electric shocks. (rElec)
You are resistant to unholy torment.
You are immune to petrification.


Message History

The ice dragon is lightly wounded.
You hit the ice dragon. The ice dragon breathes frost at you.
The blast of cold hits you!! The ice dragon breathes frost at you.
The blast of cold hits you!
You slice the ice dragon!!
The ice dragon is moderately wounded.
You slash the ice dragon! You block the ice dragon's attack. x3
The ice dragon bites you but does no damage.
The ice dragon barely misses you. x2
You hit the ice dragon.
The ice dragon is moderately wounded.
You slash the ice dragon! You block the ice dragon's attack.
The ice dragon claws you but does no damage.
You block the ice dragon's attack.
The ice dragon bites you but does no damage.
The ice dragon barely misses you. You block the ice dragon's attack.
You slash the ice dragon!
The ice dragon is heavily wounded.
You slash the ice dragon! You block the ice dragon's attack. x2
The ice dragon closely misses you. You block the ice dragon's attack. x2
The ice dragon tramples you.
You hold your ground!
You hit the ice dragon.
The ice dragon is heavily wounded.
You slash the ice dragon! You chop the ice dragon into pieces!!!
The ice dragon is almost dead.
You hit the ice dragon but do no damage.
The ice dragon breathes frost at you. The blast of cold hits you!!
* * * LOW HITPOINT WARNING * * *
You block the ice dragon's attack. x2
The ice dragon tramples you but does no damage.
Okay, then.
Okay, then.
The ice dragon breathes frost at you.
The blast of cold hits the ice dragon!
The ice dragon resists.
The blast of cold hits you!
You die...

.......#...........
.......#.......###
######+#.##....#
.........##...#
..........##..# ..
...........##.# ...
.........8..#.# ....
............#.######....
#########..##@#...........
........#.###D##..........
........#.##.D.##.........
........#.#..#..#..#######
........#.#$. .$#..'.....#
. ........#.#$.
.$#..#.....#
.#########'#.#$.
.$#..#.....#
.............#$.
.$#..#.....#
.............##.
.##..#.....#


You could see 2 ice dragons.

Vanquished Creatures
  A lich (Abyss:4)
  A tentacled starspawn (Abyss:4)
  An azure jelly (IceCv)
  A draconian annihilator (Abyss:4)
  2 quicksilver oozes (IceCv)
  A minotaur (Gauntlet)
  Josephine (D:13)
  A green death (Abyss:4)
  A great orb of eyes (Gauntlet)
  A rakshasa (D:15)
  6 vault guards
  An ogre mage (D:15)
  2 centaur warriors
  3 boulder beetles
  5 two-headed ogres
  3 tengu warriors
  A sun demon (Abyss:4)
  A wretched star (Gauntlet)
  A sixfirhy (Abyss:4)
  A glowing orange brain (Abyss:4)
  3 wizards
  3 deep elf pyromancers
  6 ugly things
  5 cyclopes
  A worldbinder (Abyss:4)
  A manticore (D:12)
  Maurice (D:13)
  A smoke demon (Abyss:4)
  An ice statue (IceCv)
  2 unseen horrors (D:11)
  4 gargoyles
  A rime drake (D:10)
  2 kobold demonologists (D:12)
  2 freezing wraiths
  A tengu conjurer (D:15)
  2 ice devils (D:13)
  3 trolls
  Prince Ribbit (D:5)
  30 slime creatures
  A vampire (D:14)
  Sigmund (D:4)
  A basilisk (shapeshifter) (D:14)
  4 wraiths (D:13)
  Eustachio (D:5)
  3 humans (Bailey)
  3 basilisks
  A wyvern (D:11)
  6 yaks
  A golden eye (Abyss:4)
  2 steam dragons (D:8)
  2 chaos spawn (Abyss:4)
  19 vampire mosquitoes
  Menkaure (D:5)
  5 acid dragons
  3 water moccasins
  Duvessa (D:4)
  Pargi (D:4)
  7 orc warriors
  6 ice beasts
  A black bear (D:5)
  4 small abominations
  2 sky beasts (D:7)
  4 great orb of eyes simulacra (IceCv)
  2 wolves (D:10)
  5 ogres
  A boggart (D:14)
  14 centaurs
  2 slime creature simulacra (IceCv)
  A phantom (D:4)
  5 kobold brigands
  10 bullfrogs
  4 scorpions
  2 glowing shapeshifter simulacra (IceCv)
  7 wights
  Dowan (D:4)
  12 killer bees
  2 howler monkeys (D:9)
  3 hounds
  Crazy Yiuf (D:7)
  9 orc priests
  A gnoll bouda (D:7)
  2 jellies
  6 iguanas
  8 orc wizards
  2 shapeshifter simulacra (IceCv)
  5 adders
  8 gnolls
  2 shadow imps
  2 white imps
  A howler monkey simulacrum (D:8)
  2 ufetubi (D:5)
  A worm (D:4)
  A dart slug (D:2)
  58 orcs
  A bat (D:2)
  5 endoplasms
  6 giant cockroaches
  6 hobgoblins
  12 jackals
  20 kobolds
  A quokka (D:3)
  4 ball pythons (D:2)
  3 frilled lizards
  11 goblins
  7 rats
  A starspawn tentacle (Abyss:4)
442 creatures vanquished.

Vanquished Creatures (collateral kills)
  A rakshasa (Abyss:4)
  An orc (D:6)
2 creatures vanquished.

Vanquished Creatures (others)
  A blink frog (Bailey)
  A raiju (Abyss:4)
  A slime creature (IceCv)
  A sky beast (D:6)
  2 bullfrogs
  A killer bee (D:9)
  A hound (D:4)
  An orc priest (D:8)
  An orc wizard (D:8)
  4 orcs
  A hobgoblin (D:4)
  2 starspawn tentacles (Abyss:4)
17 creatures vanquished.

Grand Total: 461 creatures vanquished

Notes
Turn   | Place    | Note
-------+----------+-------------------------------------------
     0 | D:1      | Ijustatesigmund the Gargoyle Fighter began the quest for
                  | the Orb.
     0 | D:1      | Reached XP level 1. HP: 14/14 MP: 1/1
   283 | D:1      | Reached XP level 2. HP: 11/19 MP: 2/2
  1086 | D:2      | Reached XP level 3. HP: 23/23 MP: 3/3
  1892 | D:3      | Found an ornate altar of the Wu Jian Council.
  1989 | D:3      | Reached XP level 4. HP: 27/29 MP: 4/4
  2768 | D:4      | Noticed Pargi
  2773 | D:4      | Killed Pargi
  2774 | D:4      | Reached skill level 1 in Evocations
  2774 | D:4      | Reached XP level 5. HP: 33/33 MP: 5/5
  3014 | D:4      | Noticed a phantom
  3034 | D:4      | Killed a phantom
  3035 | D:4      | Reached XP level 6. HP: 37/39 MP: 6/6
  3113 | D:4      | Found the +5 robe of Misfortune {Harm *Corrode *Slow EV+5}
  3256 | D:4      | Noticed Sigmund
  3267 | D:4      | Killed Sigmund
  3268 | D:4      | Reached XP level 7. HP: 37/44 MP: 7/7
  3296 | D:4      | Noticed Duvessa
  3299 | D:4      | Noticed Dowan
  3310 | D:4      | Reached skill level 5 in Shields
  3320 | D:4      | Killed Duvessa
  3321 | D:4      | Reached skill level 5 in Fighting
  3370 | D:4      | Killed Dowan
  4032 | D:5      | Entered Level 5 of the Dungeon
  4320 | D:5      | Noticed Eustachio
  4330 | D:5      | Killed Eustachio
  4331 | D:5      | Reached XP level 8. HP: 42/51 MP: 8/8
  4436 | D:5      | Found a glowing silver altar of Zin.
  4436 | D:5      | Noticed an angel
  4516 | D:5      | Noticed Prince Ribbit
  4524 | D:5      | Killed Prince Ribbit
  4525 | D:5      | Reached skill level 5 in Maces & Flails
  4802 | D:5      | Noticed Menkaure
  4809 | D:5      | Killed Menkaure
  5587 | D:6      | Reached XP level 9. HP: 56/56 MP: 9/9
  6618 | D:7      | Found a staircase to the Ecumenical Temple.
  6686 | D:7      | Found a flagged portal.
  6705 | Bailey   | Entered a bailey
  7138 | Bailey   | Reached XP level 10. HP: 57/66 MP: 10/10
  7281 | Bailey   | Noticed a vault guard
  7290 | Bailey   | Killed a vault guard
  7338 | Bailey   | Noticed a vault guard
  7369 | Bailey   | Killed a vault guard
  7370 | Bailey   | Reached skill level 10 in Fighting
  7697 | D:7      | Found a runed translucent door.
  7698 | D:7      | Noticed Crazy Yiuf
  7703 | D:7      | Killed Crazy Yiuf
  7905 | Temple   | Entered the Ecumenical Temple
  8019 | Temple   | Became a worshipper of the Shining One
  8126 | D:8      | Reached skill level 1 in Dodging
  8126 | D:8      | Reached skill level 1 in Invocations
  8684 | D:8      | Noticed a cyclops
  8684 | D:8      | Reached * piety under the Shining One
  8692 | D:8      | Killed a cyclops
  8693 | D:8      | Reached XP level 11. HP: 54/73 MP: 12/14
  8723 | D:8      | Reached skill level 5 in Invocations
  8793 | D:8      | Found the +8 mithril axe "Arga" {speed, Will+}
  8873 | D:8      | Found the +7 staff of the Meek {protect, meekguard}
  9137 | D:9      | Reached skill level 1 in Axes
  9928 | D:10     | Entered Level 10 of the Dungeon
  9980 | D:10     | Found a staircase to the Lair.
 10015 | D:10     | Found an iron altar of Okawaru.
 10051 | D:10     | Reached ** piety under the Shining One
 10226 | D:10     | Found Xikiujarph's Antique Weapon Shoppe.
 10254 | D:10     | Found a bloodstained altar of Trog.
 10337 | D:10     | You fall into a shaft and drop 3 floors!
 10349 | D:13     | Found a frozen archway.
 10375 | IceCv    | Entered an ice cave
 10667 | IceCv    | Reached skill level 5 in Axes
 10684 | IceCv    | Reached *** piety under the Shining One
 10696 | IceCv    | Noticed a quicksilver ooze
 10704 | IceCv    | Killed a quicksilver ooze
 10705 | IceCv    | Reached XP level 12. HP: 80/80 MP: 15/18
 11183 | IceCv    | Found a viscous altar of Jiyva.
 11183 | IceCv    | Noticed an azure jelly
 11196 | IceCv    | Killed an azure jelly
 11216 | IceCv    | Noticed a quicksilver ooze
 11233 | IceCv    | Killed a quicksilver ooze
 11455 | IceCv    | Identified the amulet of Gouxel {Spirit rElec rPois rN+
                  | Str+4}
 11461 | IceCv    | Identified the ring "Huefecuu" {rPois Int+5}
 11464 | IceCv    | Identified the ring of Gecsoob {rPois Str+5 Int-5 Dex+6}
 11685 | IceCv    | Identified the ring "Reqyo" {Fire Int+5}
 11759 | D:13     | Noticed a tengu warrior
 11760 | D:13     | Noticed a tengu warrior
 11769 | D:13     | Killed a tengu warrior
 11779 | D:13     | Killed a tengu warrior
 11940 | D:13     | Reached skill level 10 in Invocations
 11980 | D:13     | Noticed Maurice
 11989 | D:13     | Killed Maurice
 12112 | D:13     | Noticed Josephine
 12125 | D:13     | Killed Josephine
 12126 | D:13     | Reached **** piety under the Shining One
 12252 | D:13     | Noticed a centaur warrior
 12270 | D:13     | Killed a centaur warrior
 12491 | D:13     | Reached XP level 13. HP: 87/87 MP: 20/20
 12662 | D:11     | Found a gate leading to a gauntlet.
 12672 | Gauntlet | Entered a Gauntlet
 12672 | Gauntlet | Found a transporter.
 12672 | Gauntlet | Found a transporter.
 12676 | Gauntlet | Found a transporter.
 12677 | Gauntlet | Found a transporter.
 12679 | Gauntlet | Found a transporter.
 12726 | Gauntlet | Found a transporter.
 12729 | Gauntlet | Found a transporter.
 12729 | Gauntlet | Found a transporter.
 12732 | Gauntlet | Noticed a great orb of eyes
 12746 | Gauntlet | Found a transporter.
 12763 | Gauntlet | Found a transporter.
 12773 | Gauntlet | Found a transporter.
 12788 | Gauntlet | Found a transporter.
 12812 | Gauntlet | Found a transporter.
 12824 | Gauntlet | Found a transporter.
 12853 | Gauntlet | Identified the ring of the Traitor {rElec rF+ EV+5 Str+4
                  | Dex-2}
 13035 | Gauntlet | Killed a great orb of eyes
 13062 | Gauntlet | Identified the +2 pair of boots "Ninoqipn" {rN++ Str+4}
 13085 | Gauntlet | Noticed a minotaur
 13118 | Gauntlet | Killed a minotaur
 13126 | Gauntlet | Got the Disquisition on Burnt Changes
 13415 | D:11     | Found a staircase to the Orcish Mines.
 14384 | D:12     | Found a hazy altar of Hepliaklqana.
 14392 | D:12     | Identified the +1 plate armour "Feletoe" {Will- Int+4}
 14871 | D:14     | Reached ***** piety under the Shining One
 14873 | D:14     | Noticed a vault guard
 14873 | D:14     | Noticed a vault guard
 14874 | D:14     | Noticed a vault guard
 14874 | D:14     | Noticed a vault guard
 14875 | D:14     | Found a gate to the Vaults.
 14885 | Abyss:2  | Cast into level 2 of the Abyss (a wizard)
 14912 | Abyss:2  | Found a corrupted altar of Lugonu.
 14929 | Abyss:2  | Noticed a tentacled monstrosity
 14932 | D:14     | Escaped the Abyss
 14943 | D:13     | Killed a vault guard
 14947 | D:13     | Killed a vault guard
 14953 | D:13     | Killed a vault guard
 14954 | D:13     | Killed a vault guard
 15301 | Abyss:3  | Found a corrupted altar of Lugonu.
 15301 | Abyss:3  | Cast into level 3 of the Abyss (a wizard)
 15388 | Abyss:4  | Found a corrupted altar of Lugonu.
 15396 | Abyss:4  | Noticed a lich
 15420 | Abyss:4  | Noticed a tentacled starspawn
 15422 | Abyss:4  | Gained mutation: Your large and strong wings let you fly.
                  | [Gargoyle growth]
 15422 | Abyss:4  | Reached XP level 14. HP: 79/94 MP: 23/23
 15428 | Abyss:4  | Killed a tentacled starspawn
 15444 | Abyss:4  | Killed a lich
 15447 | Abyss:4  | Reached skill level 10 in Axes
 15458 | Abyss:4  | Noticed a yellow draconian annihilator
 15465 | Abyss:4  | Killed a yellow draconian annihilator
 15493 | D:14     | Escaped the Abyss
 15624 | D:14     | Reached skill level 10 in Shields
 15733 | D:14     | Found a white marble altar of Elyvilon.
 16395 | D:15     | Entered Level 15 of the Dungeon
 16658 | D:15     | Killed from afar by an ice dragon

Illustrated notes

Levels and vault maps discovered:
D:1:      saegor_arrival_under_anarchy, layout_basic, minmay_rat_gold_closets
D:2:      layout_basic
D:3:      layout_loops_corners, amcnicky_altar_gilded, kennysheep_flooded_box
D:4:      layout_basic, uniq_pargi, uniq_duvessa, uniq_sigmund
D:5:      layout_layer_cave, zin_angel, minmay_misc_feat_alley,
          amcnicky_mini_rare_corridor_liquid, minmay_statues_item,
          uniq_eustachio, uniq_menkaure, uniq_prince_ribbit1
D:6:      layout_basic, lemuel_flame_loot_1
D:7:      layout_rooms, minmay_temple_entry_ruins,
          lightli_bailey_entry_fortress, uniq_crazy_yiuf_cottage
D:8:      minmay_the_grid_plus_closed [minmay_the_grid_pillar_ring,
          minmay_the_grid_garden, minmay_the_grid_dragon_a,
          minmay_the_grid_rooms, minmay_the_grid_prize_diamond_cup],
          layout_basic
D:9:      layout_loops_corners, nrook_mini_vaults
D:10:     layout_rooms, okawaru_altar_gauntlet_db, mainiacjoe_overflow_alcove_3,
          hellmonk_lair_entry_icy, serial_shops, nicolae_take_the_stairs,
          dk_noncrumbling_4
D:11:     layout_basic, orc_0_dummy, gauntlet_entry_generic
D:12:     layout_basic, chequers_serial_rivers_small_3,
          worldfamousw_hep_ancestral_shrine
D:13:     layout_cave_pools, portal_ice_cave_demonic_guard, hive_lemuel,
          uniq_maurice, uniq_josephine
D:14:     layout_grid_maze, lightli_vaults_fourway_checkpoint, special_room
          [special_room_orc], minmay_splitting_lines,
          nicolae_elyvilon_peaceful_grove
D:15:     grunt_enter_depths_hoard, layout_irregular_city,
          ebering_dispersal_statue_hall, pond
Temple:   regret_index_temple_waves

Skill      XL: |  1  2  3  4  5  6  7  8  9 10 11 12 13 14 |
---------------+-------------------------------------------+-----
Fighting       | 4 5 6 9 10 11 12 13 | 13.3
Armour         | 4 |  4.3
Maces & Flails | 3 4 5 8 9 |  9.3
Shields        | 4 5 6 7 8 10 | 10.8
Evocations     | 1 2 3 4 |  4.7
Dodging        | 3 |  3.8
Invocations    | 4 8 10 12 13 | 13.8
Axes           | 5 7 9 10 | 10.9

Action                     |  1- 3 |  4- 6 |  7- 9 | 10-12 | 13-15 || total
---------------------------+-------+-------+-------+-------+-------++-------
  Melee: Flail             |   130 |    92 |   431 |   236 |       ||   889
         Broad axe         |       |       |       |   335 |   443 ||   778
 Invoke: Divine Shield     |       |       |       |     4 |     7 ||    11
         Cleansing Flame   |       |       |       |       |     1 ||     1
         Summon Divine War |       |       |       |       |     1 ||     1
  Evoke: Wand              |       |     4 |    21 |    22 |       ||    47
    Use: Scroll            |       |       |    15 |    17 |     5 ||    37
         Potion            |       |       |     1 |     3 |     4 ||     8
   Stab: Sleeping          |       |       |     1 |       |       ||     1
 Armour: Scale mail        |    12 |       |       |       |       ||    12
         Chain mail        |    70 |    21 |       |       |       ||    91
         Troll leather arm |       |    28 |   204 |   315 |   139 ||   686
  Dodge: Dodged            |    44 |    47 |   233 |   326 |   183 ||   833
  Block: Buckler           |    33 |    21 |   126 |   187 |       ||   367
         Kite shield       |       |       |       |    40 |    65 ||   105
         Tower shield      |       |       |       |       |   295 ||   295
         Reflection        |       |       |       |       |    19 ||    19
